Map: Prion Terraces

Players

ImmortalZodd - Winner!

  • Race: Zerg Zerg
  • League: Silver

A.I. 1 (Very Hard)

  • Race: Protoss Protoss

VOD

Have the link to the VOD?

Description

Time

  • Played on: Jan. 29, 2016, 4:39 p.m.
  • Length: 11:43
Show
View Real Time Build Order
Export as new Build Order

ImmortalZodd Zerg - Winner!

Build Orders: Hatch First 

Get SALT Encoding   

  12  0:02  Drone  
  13  0:07  Drone  
  14  0:16  Extractor  
  14  0:17  Drone  
  15  0:22  Overlord  
  15  0:41  Drone  
  16  0:51  Hatchery  
  16  0:52  Drone  
  16  0:57  Drone  
  16  1:01  Extractor  
  16  1:03  Drone  
  17  1:09  Drone  
  18  1:18  Drone  
  19  1:30  Drone  
  19  1:31  Spawning Pool  
  19  1:42  Drone  
  20  1:53  Overlord  
  20  2:05  Drone  
  20  2:06  Drone  
  22  2:12  Drone  
  22  2:14  Drone  
  24  2:17  Metabolic Boost  
  24  2:18  Queen  
  24  2:19  Queen  
  28  2:30  Drone x2  
  30  2:41  Zergling x2  
  30  2:42  Zergling x2  
  32  2:45  Drone  
  32  2:47  Drone  
  32  2:49  Extractor  
  33  2:52  Extractor  
  32  3:03  Drone x2  
  34  3:06  Hatchery  
  34  3:07  Drone x2  
  35  3:14  Roach Warren  
  35  3:18  Drone  
  35  3:19  Drone  
  36  3:34  Overlord  
  36  3:35  Overlord x3  
  36  3:44  Lair  
  36  3:56  Drone x2  
  36  3:57  Drone x3  
  36  3:58  Drone  
  42  4:06  Evolution Chamber  
  40  4:11  Evolution Chamber  
  40  4:13  Roach x2  
  42  4:17  Roach  
  42  4:22  Roach x2  
  48  4:30  Drone x3  
  48  4:31  Drone x2  
  53  4:34  Drone  
  54  4:40  Roach  
  54  4:45  Drone x2  
  58  4:50  Queen  
  60  4:53  Glial Reconstitution  
  60  4:56  Zerg Missile Weapons Level 1  
  60  4:59  Roach  
  62  5:03  Zerg Ground Armor Level 1  
  62  5:06  Roach  
  64  5:13  Roach  
  64  5:14  Roach x2  
  70  5:17  Roach  
  70  5:19  Roach  
  74  5:23  Overlord  
  74  5:26  Overlord  
  74  5:49  Drone x3  
  77  5:50  Drone x6  
  77  5:51  Drone x5  
  77  5:52  Drone  
  89  6:12  Extractor  
  89  6:15  Extractor  
  87  6:20  Roach  
  87  6:21  Roach, Extractor  
  87  6:22  Overlord x5  
  87  6:23  Overlord  
  90  6:41  Roach x4  
  90  6:42  Roach x7  
  112  6:56  Drone x4  
  120  7:01  Roach x4  
  120  7:02  Roach x2  
  128  7:10  Zerg Missile Weapons Level 2  
  128  7:11  Zerg Ground Armor Level 2  
  128  7:13  Hydralisk Den  
  127  7:23  Overlord x3  
  127  7:24  Overlord x4  
  127  7:35  Roach  
  127  7:36  Roach x4  
  137  7:42  Muscular Augments  
  137  7:47  Hydralisk  
  137  7:48  Hydralisk x4  
  137  7:50  Hydralisk  
  149  7:53  Drone x2  
  151  8:00  Hydralisk x3  
  157  8:10  Hydralisk  
  157  8:11  Hydralisk x3  
  165  8:18  Hydralisk x3  
  171  8:27  Hydralisk x4  
  179  8:39  Hydralisk x4  
  179  8:40  Hydralisk  
  189  8:48  Spire  
  188  8:56  Infestation Pit  
  188  9:00  Hydralisk x2  
  191  9:06  Hydralisk  
  191  9:08  Overlord x2  
  181  9:40  Hydralisk  
  181  9:41  Hydralisk x8  
  181  9:42  Hydralisk x4  
  187  9:51  Hydralisk x2  
  187  9:52  Hydralisk  
  159  10:13  Hydralisk x5  
  159  10:14  Hydralisk x2  
  165  10:20  Hydralisk  
  149  10:46  Hydralisk  
  149  10:47  Hydralisk x4  
Show
View Real Time Build Order
Export as new Build Order

A.I. 1 (Very Hard) Protoss 

Build Orders: Colossus Rush 

Get SALT Encoding   

  12  0:01  Probe (Chrono Boost)  
  13  0:11  Probe (Chrono Boost)  
  14  0:20  Pylon  
  14  0:22  Probe (Chrono Boost)  
  15  0:39  Probe (Chrono Boost)  
  16  0:47  Assimilator  
  16  0:49  Probe (Chrono Boost)  
  17  0:50  Gateway  
  17  1:00  Probe (Chrono Boost), Pylon  
  18  1:10  Probe (Chrono Boost)  
  19  1:21  Probe (Chrono Boost)  
  20  1:32  Probe (Chrono Boost)  
  21  1:37  Zealot  
  23  1:43  Probe (Chrono Boost)  
  23  1:45  Nexus  
  25  1:54  Probe (Chrono Boost)  
  25  2:05  Cybernetics Core, Probe (Chrono Boost)  
  26  2:16  Probe (Chrono Boost)  
  27  2:26  Probe (Chrono Boost)  
  27  2:29  Pylon  
  28  2:34  Warp Gate  
  29  2:37  Probe (Chrono Boost)  
  29  2:42  Stalker  
  29  2:43  Gateway  
  31  2:46  Assimilator  
  31  2:49  Probe (Chrono Boost)  
  32  3:03  Probe (Chrono Boost)  
  32  3:05  Pylon  
  33  3:06  Probe (Chrono Boost)  
  33  3:10  Adept  
  36  3:16  Probe (Chrono Boost)  
  36  3:18  Probe (Chrono Boost)  
  38  3:29  Adept, Robotics Facility  
  41  3:35  Probe (Chrono Boost)  
  41  3:36  Adept  
  41  3:37  Probe (Chrono Boost)  
  44  3:47  Probe (Chrono Boost)  
  45  3:49  Probe (Chrono Boost)  
  45  3:54  Adept  
  45  3:58  Probe (Chrono Boost)  
  45  4:00  Adept  
  45  4:01  Probe (Chrono Boost)  
  52  4:10  Probe (Chrono Boost)  
  52  4:13  Probe (Chrono Boost)  
  53  4:20  Adept, Robotics Bay  
  53  4:21  Probe (Chrono Boost)  
  53  4:23  Pylon  
  57  4:24  Probe (Chrono Boost)  
  57  4:25  Observer  
  58  4:33  Probe (Chrono Boost)  
  58  4:35  Probe (Chrono Boost)  
  58  4:37  Robotics Facility  
  60  4:42  Pylon  
  60  4:43  Stalker  
  63  4:53  Probe (Chrono Boost), Pylon  
  63  4:54  Stalker, Probe (Chrono Boost)  
  66  5:13  Gateway  
  66  5:22  Pylon  
  66  5:23  Colossus, Zealot  
  66  5:27  Zealot  
  76  5:40  Pylon  
  76  5:41  Zealot  
  78  5:45  Assimilator  
  78  5:46  Probe x2 (Chrono Boost), Zealot  
  82  5:51  Twilight Council  
  82  5:53  Assimilator  
  82  6:01  Stalker  
  82  6:02  Gateway  
  84  6:09  Probe x2 (Chrono Boost)  
  86  6:20  Probe (Chrono Boost)  
  86  6:21  Probe (Chrono Boost)  
  88  6:28  Nexus, Pylon  
  88  6:29  Dark Shrine  
  88  6:31  Probe (Chrono Boost)  
  89  6:41  Sentry  
  89  6:46  Stalker  
  93  6:50  Stalker  
  93  6:52  Pylon  
  95  6:56  Stalker  
  97  7:02  Stalker  
  99  7:09  Sentry  
  99  7:14  Pylon  
  101  7:17  Forge  
  101  7:28  Templar Archives  
  101  7:32  Forge  
  101  7:41  Probe x2 (Chrono Boost)  
  101  7:42  Probe (Chrono Boost), Gateway  
  101  7:43  Dark Templar x2  
  108  7:47  Assimilator  
  108  7:52  Probe (Chrono Boost)  
  108  7:53  Probe x2 (Chrono Boost)  
  108  7:57  Pylon  
  111  7:59  Assimilator  
  111  8:01  Archon, Photon Cannon  
  111  8:03  Probe (Chrono Boost)  
  111  8:04  Pylon, High Templar  
  114  8:07  Immortal  
  114  8:09  Zealot  
  114  8:11  Probe x2 (Chrono Boost)  
  114  8:12  Zealot x2  
  126  8:13  Immortal  
  130  8:23  Probe x2 (Chrono Boost)  
  130  8:24  Pylon  
  132  8:27  Zealot  
  132  8:31  Zealot x2  
  138  8:36  Zealot x2  
  142  8:44  Immortal  
  142  8:46  Zealot  
  148  8:49  Immortal, Pylon  
  148  8:50  Zealot  
  148  8:51  High Templar  
  148  8:55  Zealot x2  
  160  8:59  Archon  
  160  9:06  High Templar  
  162  9:10  High Templar  
  162  9:12  Pylon  
  162  9:14  Zealot  
  162  9:16  Dark Templar, Archon  
  168  9:22  Observer  
  169  9:28  Observer  
  169  9:30  Zealot  
  172  9:33  Zealot  
  172  9:35  Pylon  
  172  9:36  Probe (Chrono Boost), Zealot  
  172  9:37  Probe (Chrono Boost)  
  142  9:38  Probe (Chrono Boost)  
  142  9:40  Zealot, Warp Prism  
  107  9:47  Immortal, Zealot  
  107  9:49  Sentry, Probe (Chrono Boost)  
  107  9:50  Probe (Chrono Boost)  
  91  9:53  Stalker  
  91  9:55  Sentry  
  72  10:00  Adept  
  61  10:07  Dark Templar  
  61  10:10  Sentry  
  61  10:11  Dark Templar  
  61  10:12  Probe (Chrono Boost), Zealot  
  62  10:16  Adept, Warp Prism  
  62  10:17  Zealot  
  62  10:20  Adept  
  64  10:24  Probe (Chrono Boost)  
  51  10:31  Zealot  
  51  10:33  Dark Templar  
  46  10:36  Sentry, Probe (Chrono Boost)  
  46  10:37  Stalker  
  32  11:09  Zealot  
  27  11:29  Zealot  
Tags
 
Add a new tag
Caveats
  • Supply blocks, unpowered buildings, or Contaminate may cause inaccurate times.
  • Supply counts are checked every 10 seconds.